 Dungeon Crawl Stone Soup version 0.28-a0-233-gb8ca4b6547 (webtiles) character file.

Game seed: 14965777283288113349

12467 tbh1313 the Brawler (level 11, -3/96 HPs)
             Began as a Troll Fighter on Aug 22, 2021.
             Slain by a sixfirhy (12 damage)
             ... in a Gauntlet.
             The game lasted 00:18:34 (8993 turns).

tbh1313 the Brawler (Troll Fighter)                 Turns: 8993, Time: 00:18:34

Health: -3/96      AC: 11    Str: 32    XL:     11   Next: 62%
Magic:  0/10       EV: 10    Int:  7    God:
Gold:   431        SH:  0    Dex:  9    Spells: 10/10 levels left

rFire   . . .      SeeInvis .     - Unarmed
rCold   . . .      Faith    .   (no shield)
rNeg    + + .      Spirit   +   D - +2 robe {rN+}
rPois   .          Reflect  .   O - +2 hat {Stlth+}
rElec   .          Harm     .   e - +2 cloak
rCorr   .          Rampage  .   (gloves unavailable)
Will    .....      NoTele   +   (boots unavailable)
Stlth   ++........              v - amulet of guardian spirit
HPRegen 1.26/turn               d - ring of positive energy
MPRegen 0.12/turn               H - +6 ring of strength

@: mighty
A: large, unfitting armour, claws 3, regeneration 1, shaggy fur 1, tough skin 1
a: no special abilities


You were in a Gauntlet.
You visited 3 branches of the dungeon, and saw 11 of its levels.
You also visited: Ossuary and Gauntlet.

You collected 691 gold pieces.
You spent 260 gold pieces at shops.

Inventory:

Missiles
 i - 5 javelins (quivered)
 m - 12 boomerangs
 u - a throwing net
Armour
 b - a +0 kite shield
 e - a +2 cloak (worn)
 D - a +2 robe of positive energy (worn)
 O - a +2 hat of stealth (worn)
Jewellery
 d - a ring of positive energy (left claw)
 n - an amulet of the acrobat
 v - an amulet of guardian spirit (around neck)
 x - a ring of ice
 z - an amulet of magic regeneration
 H - a +6 ring of strength (right claw)
 L - a ring of poison resistance
Wands
 c - a wand of flame (15)
 p - a wand of polymorph (2)
 q - a wand of iceblast (26)
Scrolls
 s - 2 scrolls of immolation
 t - 2 scrolls of fog
 y - 2 scrolls of fear
 A - a scroll of enchant weapon
 E - a scroll of amnesia
 G - 3 scrolls of brand weapon
 I - a scroll of magic mapping
 J - a scroll of enchant armour
 K - a scroll of silence
Potions
 a - 2 potions of invisibility {unknown}
 f - a potion of resistance {unknown}
 g - 2 potions of ambrosia
 h - 2 potions of heal wounds
 j - a potion of lignification {unknown}
 k - 4 potions of flight
 l - 5 potions of curing
 o - 4 potions of degeneration
 r - 2 potions of haste
 w - 2 potions of cancellation {unknown}
 B - a potion of mutation
 C - 3 potions of brilliance
 M - a potion of magic {unknown}
Miscellaneous
 N - a box of beasts


   Skills:
 * Level 2.7 Fighting
 + Level 0.4 Armour
 * Level 4.4 Dodging
 - Level 2.4 Shields
 + Level 16.9 Unarmed Combat


You had 10 spell levels left.
You didn't know any spells.
Your spell library contained the following spells:

 Spells                   Type           Power      Damage    Failure   Level
 Animate Skeleton         Necr           0%         N/A       43%         1
 Foxfire                  Conj/Fire      0%         2x1d4     43%         1
 Pain                     Necr           0%         1d4       43%         1
 Call Canine Familiar     Summ           0%         N/A       80%         3
 Gell's Gravitas          Tloc           0%         N/A       80%         3
 Portal Projectile        Hex/Tloc       0%         N/A       80%         3
 Teleport Other           Tloc           0%         N/A       80%         3
 Vampiric Draining        Necr           0%         2d6       80%         3
 Cause Fear               Hex            0%         N/A       99%         4
 Leda's Liquefaction      Hex/Erth       0%         N/A       99%         4
 Dispersal                Tloc           0%         N/A       100%        6
 Dragon Form              Tmut           0%         N/A       100%        7
 Dragon's Call            Summ           0%         N/A       100%        9


Dungeon Overview and Level Annotations

Branches:
Dungeon (8/15)             Temple (1/1) D:5            Lair (2/6) D:8
Ossuary (visited)         Gauntlet (1/1)
  Swamp: Lair:2-4    Shoals: Lair:2-4     Snake: Lair:2-4    Spider: Lair:2-4

Altars:
Ashenzari
Cheibriados
Dithmenos
Fedhas
Gozag
Kikubaaqudgha
Makhleb
Nemelex Xobeh
Okawaru
Qazlal
Ru
Sif Muna
Trog
Uskayaw
Vehumet
Wu Jian
Xom
Yredelemnul
Zin
The Shining One

Shops:
D:1 =   D:7 !

Annotations:
Gauntlet 6 transporters


Innate Abilities, Weirdness & Mutations

You are too large for most types of armour.
You have claws for hands.
Your natural rate of healing is unusually fast.
You are covered in fur. (AC +1)
You have tough skin. (AC +1)


Message History

You mangle the sixfirhy!! Your claw misses the sixfirhy.
The sixfirhy is almost dead.
The sixfirhy hits you. The sixfirhy shocks you! The sixfirhy misses you.
The sixfirhy hits you!
* * * LOW HITPOINT WARNING * * *
The sixfirhy shocks you!
* * * LOW HITPOINT WARNING * * *
Found a robe and a glowing hat.
The sixfirhy hits you but does no damage. x2
The sixfirhy barely misses you.
The sixfirhy hits you but does no damage.
You eviscerate the sixfirhy!!!
You kill the sixfirhy!
You feel much better.
The sixfirhy hits you but does no damage.
You closely miss the sixfirhy. The sixfirhy hits you. The sixfirhy shocks you!
The sixfirhy closely misses you. The sixfirhy hits you!
* * * LOW HITPOINT WARNING * * *
The sixfirhy shocks you!
* * * LOW HITPOINT WARNING * * *
You feel much better. The sixfirhy closely misses you.
The sixfirhy hits you but does no damage.
The sixfirhy hits you!
* * * LOW HITPOINT WARNING * * *
The sixfirhy shocks you!
* * * LOW HITPOINT WARNING * * *
You feel much better.
You miss the sixfirhy. You miss the sixfirhy. Your claw misses the sixfirhy.
You miss the sixfirhy. Your claw misses the sixfirhy. The sixfirhy hits you.
The sixfirhy shocks you!
* * * LOW HITPOINT WARNING * * *
The sixfirhy hits you.
* * * LOW HITPOINT WARNING * * *
The sixfirhy shocks you!
* * * LOW HITPOINT WARNING * * *
The sixfirhy hits you.
* * * LOW HITPOINT WARNING * * *
The sixfirhy shocks you!
You die...

#≈##..#..#z#z#.#. #..
......#..##z#z#z# #
.........#..######## #.
#########..#....... #..
.#.#...#..######## #..#
#...#..#..#5....5. #..#[
#...##.#..#3.^.##.
#..#..##.#..##..#5^##.#.
#©©#©.#@3....#©©#5.#©.#.
#..#|.##.#..##..#.#..##.
#..#[ #...##.#..#.####..
#..# #...#..#..#.......
#.. .#.#...#..########
#. #########..#....... #
.........#..######## #..
......#..##..##.#
#≈##..#..#.##..#.


You could see a sixfirhy.

Levels and vault maps discovered:
D:1:      dpeg_arrival_central, layout_loops_ring, serial_shops, shop_fountains,
          corner_web_ring, amcnicky_mini_corridor_feature,
          corexii_item_surrounded_by_moat, minmay_gold_behind_fungi,
          roderic_roman_lattice, chequers_decorated_corner
D:2:      layout_basic, shapermc_ecumenical_altar_rom_forum,
          serial_corexii_hall, chequers_hall_statues_y, chequers_hall_statues_y,
          corexii_hall_statues_t, corexii_hall_statues_t,
          corexii_hall_statues_s, chequers_hall_statues_y
D:3:      layout_loops_ring, minmay_door_square, uniq_sigmund, uniq_terence,
          uniq_crazy_yiuf_cottage
D:4:      layout_cave_pools, marbit_many_paths, uniq_pikel
D:5:      cheibrodos_fzero, layout_layer_cave, minmay_temple_entry_junction,
          uniq_eustachio
D:6:      layout_gridville, old_standard_altar, nicolae_overflow_crystal_walls,
          old_standard_altar
D:7:      layout_cave_pools, nicolae_yredelemnul_ghost_church,
          kennysheep_windowed_goal
D:8:      layout_cave_pods, general_overflow_altar, lair_entry_dummy,
          chequers_ossuary_entry_cave, uniq_erica
Temple:   nicolae_temple_great_sept
Lair:1:   layout_regular_city, enter_volcano_2, st_stairs_4,
          gammafunk_lair_bear_cave, uniq_nergalle
Lair:2:   layout_long_grid, guppyfry_snake_entry_garden, gauntlet_entry_generic,
          grunt_megastairs_4, serial_bayou_shore_b
Gauntlet: gammafunk_gauntlet_mixed_choke_point
          [minmay_gauntlet_arena_77_checkered,
          minmay_gauntlet_arena_77_hold_the_fort, minmay_gauntlet_arena_77_mess,
          gammafunk_gauntlet_arena_chambers, minmay_gauntlet_arena_77_squiggly,
          minmay_gauntlet_arena_77_double_cross, minmay_gauntlet_arena_77_path,
          nicolae_gauntlet_exit_dead_adventurers]

Notes
Turn   | Place    | Note
-------+----------+-------------------------------------------
     0 | D:1      | tbh1313 the Troll Fighter began the quest for the Orb.
     0 | D:1      | Reached XP level 1. HP: 22/22 MP: 0/0
   408 | D:1      | Reached XP level 2. HP: 29/29 MP: 1/1
   432 | D:1      | Reached skill level 3 in Unarmed Combat
   616 | D:1      | Found Sieme's Jewellery Shoppe.
  1035 | D:2      | Reached XP level 3. HP: 34/36 MP: 2/2
  1483 | D:2      | Found a faded altar of an unknown god.
  1492 | D:2      | Got Plato's Handbook of Combat Magic
  1536 | D:2      | Reached skill level 4 in Unarmed Combat
  2063 | D:2      | Reached XP level 4. HP: 44/44 MP: 3/3
  2185 | D:3      | Noticed Sigmund
  2199 | D:3      | Killed Sigmund
  2200 | D:3      | Reached skill level 6 in Unarmed Combat
  2200 | D:3      | Reached XP level 5. HP: 14/50 MP: 4/4
  2282 | D:3      | Noticed Terence
  2289 | D:3      | Killed Terence
  2762 | D:3      | Found a runed translucent door.
  2763 | D:3      | Noticed Crazy Yiuf
  2769 | D:3      | Killed Crazy Yiuf
  2770 | D:3      | Reached XP level 6. HP: 59/59 MP: 5/5
  2964 | D:4      | Reached skill level 7 in Unarmed Combat
  3102 | D:4      | Noticed Pikel
  3112 | D:4      | Killed Pikel
  3113 | D:4      | Reached skill level 9 in Unarmed Combat
  3113 | D:4      | Reached XP level 7. HP: 23/66 MP: 6/6
  3257 | D:4      | Found an iron altar of Okawaru.
  3585 | D:5      | Entered Level 5 of the Dungeon
  3585 | D:5      | Noticed Eustachio
  3673 | D:5      | Reached XP level 8. HP: 60/74 MP: 7/7
  3702 | D:5      | Killed Eustachio
  3703 | D:5      | Reached skill level 10 in Unarmed Combat
  3842 | D:5      | Noticed a two-headed ogre
  3843 | D:5      | Found a staircase to the Ecumenical Temple.
  3851 | Temple   | Entered the Ecumenical Temple
  4020 | D:6      | Found a radiant altar of Vehumet.
  4149 | D:6      | Found a glowing golden altar of the Shining One.
  4183 | D:6      | Reached skill level 11 in Unarmed Combat
  4521 | D:6      | Reached XP level 9. HP: 14/80 MP: 8/8
  4696 | D:5      | Reached skill level 12 in Unarmed Combat
  5232 | D:5      | Killed a two-headed ogre
  5233 | D:5      | Reached skill level 13 in Unarmed Combat
  5689 | D:6      | Found a broken altar of Ashenzari.
  6297 | D:7      | Found a runed translucent gate.
  6297 | D:7      | Found a runed translucent gate.
  6297 | D:7      | Found a runed translucent gate.
  6297 | D:7      | Noticed Pooter's ghost (novice MiFi)
  6299 | D:7      | Found a basalt altar of Yredelemnul.
  6380 | D:7      | Reached XP level 10. HP: 88/88 MP: 9/9
  6404 | D:7      | Reached skill level 14 in Unarmed Combat
  6464 | D:7      | Found Duis's Distillery.
  6580 | D:7      | Bought a potion of degeneration for 13 gold pieces
  6580 | D:7      | Bought a potion of mutation for 104 gold pieces
  6580 | D:7      | Bought a potion of flight for 39 gold pieces
  6580 | D:7      | Bought a potion of berserk rage for 65 gold pieces
  6580 | D:7      | Bought a potion of curing for 39 gold pieces
  6792 | D:7      | Killed Pooter's ghost
  6938 | D:8      | HP: 8/88 [poisoned by a killer bee]
  7075 | D:8      | Found a sparkling altar of Nemelex Xobeh.
  7127 | D:8      | Noticed Erica
  7144 | D:8      | Killed Erica
  7145 | D:8      | Reached skill level 15 in Unarmed Combat
  7212 | D:8      | Found a staircase to the Lair.
  7415 | D:8      | Found a sand-covered staircase.
  7432 | Ossuary  | Entered an ossuary
  7842 | Lair:1   | Entered Level 1 of the Lair of Beasts
  7879 | Lair:1   | Reached skill level 16 in Unarmed Combat
  7988 | Lair:1   | Reached XP level 11. HP: 94/94 MP: 10/10
  8067 | Lair:1   | Noticed a boulder beetle
  8081 | Lair:1   | Killed a boulder beetle
  8316 | Lair:1   | Noticed Nergalle
  8325 | Lair:1   | Killed Nergalle
  8818 | Lair:2   | Found a gate leading to a gauntlet.
  8827 | Gauntlet | Entered a Gauntlet
  8827 | Gauntlet | Found a transporter.
  8827 | Gauntlet | Found a transporter.
  8842 | Gauntlet | Found a transporter.
  8843 | Gauntlet | Found a transporter.
  8845 | Gauntlet | Found a transporter.
  8846 | Gauntlet | Noticed a soul eater
  8847 | Gauntlet | Noticed a sixfirhy
  8864 | Gauntlet | Found a transporter.
  8866 | Gauntlet | Found a transporter.
  8887 | Gauntlet | Noticed a sixfirhy
  8977 | Gauntlet | Found a transporter.
  8977 | Gauntlet | Found a transporter.
  8986 | Gauntlet | Killed a sixfirhy
  8988 | Gauntlet | HP: 9/96 [sixfirhy (11)]
  8993 | Gauntlet | HP: 9/96 [sixfirhy (1)]
  8993 | Gauntlet | Slain by a sixfirhy

Table legend: (Time is in decaauts)
 A = Elapsed time spent in this place.
 B = Non-inter-level travel time spent in this place.
 C = Inter-level travel time spent in this place.
 D = Time resting spent in this place.
 E = Time spent auto-exploring this place.
 F = Levels seen in this place.
 G = Mean time per level.
                   A        B        C        D        E       F      G
               +--------+--------+--------+--------+--------+-----+--------+
         Total |   8891 |   8241 |    650 |    610 |   5865 |  13 |  683.9 |
       Dungeon |   7414 |   6805 |    609 |    464 |   5043 |   8 |  926.8 |
        Temple |     88 |     76 |     12 |      0 |     65 |   1 |   88.0 |
          Lair |    953 |    924 |     29 |    118 |    595 |   2 |  476.5 |
       Ossuary |    278 |    278 |      0 |      2 |    144 |   1 |  278.0 |
      Gauntlet |    156 |    156 |      0 |     26 |     17 |   1 |  156.0 |
               +--------+--------+--------+--------+--------+-----+--------+

Top non-repeatable levels by time:
     D:5: 1237 daAuts
     D:6: 1226 daAuts
     D:2: 1134 daAuts
     D:1: 999 daAuts
  Lair:1: 867 daAuts
     D:3: 809 daAuts
     D:8: 709 daAuts
     D:4: 681 daAuts
     D:7: 615 daAuts
 Ossuary: 278 daAuts
Gauntlet: 156 daAuts
  Temple: 88 daAuts
  Lair:2: 86 daAuts

Table legend:
 A = Kills in this place as a percentage of kills in entire the game.
 B = Kills by you in this place as a percentage of kills by you in the entire game.
 C = Kills by friends in this place as a percentage of kills by friends in the entire game.
 D = Other kills in this place as a percentage of other kills in the entire game.
 E = Experience gained in this place as a percentage of experience gained in the entire game.
 F = Experience gained in this place divided by the number of levels of this place that you have seen.
                   A       B       C       D       E      F
               +-------+-------+-------+-------+-------+----------------------
         Total | 100.0 | 100.0 |   N/A |   N/A | 100.0 | 1370.1
       Dungeon |  80.3 |  80.3 |   N/A |   N/A |  51.0 | 1136.4
          Lair |   8.6 |   8.6 |   N/A |   N/A |  34.6 | 3078.5
       Ossuary |   9.0 |   9.0 |   N/A |   N/A |   4.8 | 850.0
      Gauntlet |   2.0 |   2.0 |   N/A |   N/A |   9.6 | 1713.0
               +-------+-------+-------+-------+-------+----------------------

Action                   |  1- 3 |  4- 6 |  7- 9 | 10-12 || total
-------------------------+-------+-------+-------+-------++-------
Melee: Unarmed           |    89 |   101 |   264 |   353 ||   807
       Punch             |     1 |     4 |    10 |    19 ||    34
Throw: Javelin           |     5 |       |     4 |       ||     9
  Use: Scroll            |     5 |     7 |     8 |     4 ||    24
       Potion            |       |     1 |       |     6 ||     7
 Stab: Sleeping          |     1 |       |       |       ||     1
Armor: Robe              |    39 |    37 |   171 |   136 ||   383
Dodge: Dodged            |    51 |    53 |   153 |   165 ||   422

Vanquished Creatures
  A boulder beetle (Lair:1)
  Erica (D:8)
  A two-headed ogre (D:5)
  A sixfirhy (Gauntlet)
  Nergalle (Lair:1)
  The ghost of Pooter the Chopper, a novice MiFi of Okawaru (D:7)
  Pikel (D:4)
  4 komodo dragons
  4 polar bears
  4 blink frogs
  4 flying skulls (Gauntlet)
  Sigmund (D:3)
  Eustachio (D:5)
  A steam dragon (D:8)
  3 water moccasins
  A sky beast (D:7)
  2 orc warriors
  A hornet zombie (Ossuary)
  3 black bears
  2 ice beasts
  3 centaurs
  4 wolves (Lair:1)
  3 ogres (D:5)
  A phantom (D:5)
  2 kobold brigands (D:8)
  A scorpion (D:5)
  5 bullfrogs
  2 water moccasin zombies
  6 killer bees (D:8)
  3 howler monkeys
  An electric eel (Lair:1)
  3 bullfrog zombies
  4 jellies
  A bullfrog skeleton (D:6)
  A centaur zombie (D:7)
  4 orc priests
  4 hounds
  Crazy Yiuf (D:3)
  2 gnoll shamans
  A centaur skeleton (D:6)
  8 iguanas
  Terence (D:3)
  18 mummies (Ossuary)
  8 orc wizards
  A killer bee zombie (D:8)
  A howler monkey zombie (D:5)
  12 gnolls
  9 adders
  A shadow imp (D:6)
  A white imp (D:6)
  An ufetubus (D:5)
  3 adder skeletons
  2 worms
  6 dart slugs
  22 orcs
  4 ball pythons
  6 endoplasms
  2 giant cockroaches
  6 goblins
  6 hobgoblins
  8 jackals
  6 quokkas
  6 bats
  14 kobolds
  2 rats (D:2)
244 creatures vanquished.

Vanquished Creatures (others)
  2 fungi
  3 plants
  3 toadstools (D:1)
  8 withered plants (Ossuary)
16 creatures vanquished.

Grand Total: 260 creatures vanquished
